 Dungeon Crawl Stone Soup version 0.20-a0-434-g93bceec (webtiles) character file.

28126 terra53 the Thaumaturge (level 13, -2/71 HPs)
             Began as an Octopode Conjurer on Jan 4, 2017.
             Was an Initiate of Gozag.
             Slain by a blink frog (11 damage)
             ... on level 2 of the Lair of Beasts on Jan 5, 2017.
             The game lasted 01:52:23 (22171 turns).

terra53 the Thaumaturge (Octopode Conjurer)        Turns: 22171, Time: 01:52:24

Health: -2/71      AC:  4    Str:  8    XL:     13   Next: 36%
Magic:  26/29      EV: 17    Int: 23    God:    Gozag
Gold:   736        SH:  7    Dex: 13    Spells: 2/36 levels left

rFire  . . .     SeeInvis .     m - staff of wizardry
rCold  . . .     Gourm    .     C - +3 buckler
rNeg   . . .     Faith    .     q - +2 hat
rPois  .         Spirit   .     (no amulet)
rElec  .         Reflect  .     n - +2 ring of evasion
rCorr  .         Harm     .     A - ring of flight
MR     +....                    O - ring of protection from magic
Stlth  ++++++....               Q - +1 ring of protection
                                S - ring of wizardry
                                B - +2 ring of intelligence
                                (no ring)
                                (no ring)

@: no status effects
A: almost no armour, stealthy swim, amphibious, 8 rings, constrict 8, camouflage
1, gelatinous body 1
a: Potion Petition, Call Merchant, Bribe Branch, Renounce Religion, Evoke Flight


You were on level 2 of the Lair of Beasts.
You worshipped Gozag.
Gozag was pleased with you.
You were not hungry.

You visited 3 branches of the dungeon, and saw 17 of its levels.

You collected 3303 gold pieces.
You spent 1378 gold pieces at shops.
You paid 1189 gold pieces to Gozag.

Inventory:

Hand Weapons
 i - a +0 dagger of draining
 r - a +6 quarterstaff of chaos
Armour
 q - a +2 hat (worn)
 C - a +3 buckler (worn)
Magical Staves
 m - an uncursed staff of wizardry (weapon)
Jewellery
 n - a +2 ring of evasion (left tentacle)
 A - a ring of flight (right tentacle)
 B - a +2 ring of intelligence (on tentacle)
 O - a ring of protection from magic (on tentacle)
 Q - a +1 ring of protection (on tentacle)
 S - a ring of wizardry (on tentacle)
Wands
 h - a wand of acid (3/15)
 k - a wand of iceblast (9/15)
 v - a wand of digging (15/24)
 z - a wand of polymorph (16/24)
 F - a wand of lightning (0/15)
 I - a wand of polymorph (15/24)
 L - a wand of confusion (13/48)
 M - a wand of lightning (8/15)
 R - a wand of iceblast (6/15)
 Z - a wand of lightning (9/15)
Scrolls
 d - 10 scrolls of teleportation
 f - 7 scrolls of remove curse
 g - 3 scrolls of amnesia
 j - 2 scrolls of enchant armour
 u - a scroll of identify
 H - a scroll of immolation
Potions
 c - 2 potions of heal wounds
 e - a potion of invisibility
 l - 7 potions of curing
 o - 4 potions of might
 w - a potion of berserk rage
 D - a potion of cure mutation
 E - a potion of flight
 G - a potion of resistance
Books
 a - the Tome of Icy Flight
   (You found it on level 11 of the Dungeon)

   Spells                             Type                      Level
   a - Shock                          Conjuration/Air              1
   b - Freeze                         Ice                          1
   c - Throw Frost                    Conjuration/Ice              2
   d - Throw Icicle                   Conjuration/Ice              4
   e - Deflect Missiles               Charms/Air                   6
   f - Ozocubu's Refrigeration        Ice                          6
 y - a book of Transfigurations

   Spells                             Type                      Level
   a - Irradiate                      Conjuration/Transmutation    5
   b - Statue Form                    Transmutation/Earth          6
   c - Hydra Form                     Transmutation                6
   d - Dragon Form                    Transmutation                7
Miscellaneous
 p - a phial of floods (inert)
 s - a fan of gales (inert)
 V - a lightning rod (4/4)
 Y - a lamp of fire
Comestibles
 b - 8 bread rations
 x - a meat ration
 P - 5 beef jerkies


   Skills:
 - Level 5.3 Dodging
 - Level 11.0 Stealth
 - Level 2.4 Shields
 - Level 12.4 Spellcasting
 - Level 11.9 Conjurations
 - Level 2.0 Hexes
 - Level 2.4 Charms
 + Level 6.8 Transmutations
 - Level 2.5 Ice Magic
 - Level 6.1 Evocations


You had 2 spell levels left.
You knew the following spells:

 Your Spells              Type           Power        Failure   Level  Hunger
a - Magic Dart            Conj           ####         1%          1    None
b - Searing Ray           Conj           ######       1%          2    None
c - Dazzling Spray        Conj/Hex       #####.       1%          3    None
d - Iskenderun's Mystic   Conj           ######..     1%          4    None
e - Fulminant Prism       Conj/Hex       #####.....   1%          4    None
f - Iskenderun's Battles  Conj/Chrm      #####...     2%          5    ###....
g - Throw Icicle          Conj/Ice       #####...     1%          4    None
h - Irradiate             Conj/Tmut      ######....   1%          5    ###....
i - Hydra Form            Tmut           #####.....   21%         6    #####..


Dungeon Overview and Level Annotations

Branches:
Dungeon (14/15)            Temple (0/1) D:5            Lair (2/6) D:9
 Shoals (0/4) Lair:2       Spider (0/4) Lair:2          Orc (1/2) D:12
 Vaults (0/5) D:13

Altars:
Cheibriados
Elyvilon
Fedhas
Gozag
Hepliaklqana
Nemelex Xobeh
Okawaru
Qazlal
Xom
Zin

Shops:
D:10 }   Lair:1 }}

Annotations:
D:11 Hypnoxylon's ghost, journeyman MiBe
D:14 Frances
Lair:2 exclusion: oklob plant


Innate Abilities, Weirdness & Mutations

You cannot wear most types of armour.
You are very stealthy in the water. (Stealth+)
You are amphibious.
You can wear up to eight rings at the same time.
You can use your tentacles to constrict eight enemies at once.
Your skin changes colour to match your surroundings (Stealth+).
Your rubbery body absorbs attacks. (AC +1, EV +1)


Message History

The blink frog hits you! The blink frog hits you.
You barely miss the blink frog.
The blink frog is heavily wounded.
You nip at the blink frog.
The blink frog hits you!
The blink frog hits you but does no damage.
The blink frog hits you!
The blink frog blinks!
You nip at the blink frog.
The blink frog is heavily wounded.
The blink frog misses you. The blink frog closely misses you.
You bite the blink frog!
The blink frog is almost dead.
You barely miss the blink frog.
Your transformation has ended.
Your uncursed staff of wizardry unmelds from your body.
Your +2 hat unmelds from your body.
Your +3 buckler unmelds from your body.
The blink frog misses you. The blink frog hits you!
* * * LOW HITPOINT WARNING * * *
The blink frog blinks!
The blink frog hits you!
You die...
Your body crumbles into a pile of gold.

F...#.....#.......# # ....
#$#...##..##....## # .....
#.....#.#####...####
.....##...#.....##...[.##.
...+.....................
.....8.....8..<..8.....8..
........................+.
....###...F#....###...#.##
#.#. #.ยง@#########...###.
# . #.#...##.#.#....####+
..##....##.##....##..(
.#+#.##....8....####... .
... ##.......#.###...
...F. #.#.>..#..#.....
.... ...#.#...........
.....P.###.........P...
..+. ##......#.#<..


You could see 2 blink frogs.

Vanquished Creatures
  An azure jelly (Orc:1)
  3 hydras
  A centaur warrior (D:13)
  2 two-headed ogres (D:11)
  3 unseen horrors
  A manticore (D:11)
  2 ugly things (D:12)
  A cyclops (D:10)
  2 black mambas (Lair:2)
  4 spiny frogs
  4 komodo dragons
  2 trolls
  A hornet (D:10)
  10 blink frogs
  2 dream sheep (D:11)
  3 hippogriffs
  5 slime creatures
  A shadow (D:13)
  2 wraiths
  9 yaks
  A human (D:13)
  An acid dragon (D:11)
  4 water moccasins
  4 porcupines
  3 eyes of draining
  An ice beast (D:10)
  3 sky beasts
  A black bear (D:14)
  6 orc warriors
  14 ogres
  3 phantoms
  5 centaurs
  4 crocodiles
  2 wyvern zombies
  5 big kobolds
  8 bullfrogs
  2 gnoll sergeants (D:7)
  2 scorpions
  16 killer bees
  5 howler monkeys
  10 wights
  4 electric eels (D:12)
  A bullfrog zombie (D:10)
  3 crimson imps
  7 orc priests
  4 centaur zombies
  A quasit (D:11)
  3 jellies
  7 hounds
  3 bullfrog skeletons
  6 centaur skeletons
  14 orc wizards
  An iguana (D:4)
  A hell rat (D:5)
  12 worker ants
  2 worker ant zombies
  9 gnolls
  9 adders
  A howler monkey skeleton (D:7)
  2 shadow imps
  An ooze (D:2)
  2 adder skeletons
  A worm (D:2)
  2 dart slugs
  5 leopard geckos
  61 orcs
  A ball python (D:3)
  4 giant cockroaches
  2 goblins (D:2)
  3 hobgoblins
  2 jackals (D:5)
  16 kobolds
  5 quokkas
  4 bats
  4 frilled lizards
  A jackal skeleton (D:5)
  A leopard gecko skeleton (D:8)
  3 rats
  A fungus (Lair:2)
368 creatures vanquished.

Vanquished Creatures (collateral kills)
  A komodo dragon (Lair:1)
  2 gnolls (D:7)
3 creatures vanquished.

Vanquished Creatures (others)
  8 fulminant prisms
  A fungus (Lair:2)
  A plant (D:9)
10 creatures vanquished.

Grand Total: 381 creatures vanquished

Notes
Turn   | Place    | Note
-------+----------+-------------------------------------------
     0 | D:1      | terra53 the Octopode Conjurer began the quest for the Orb.
     0 | D:1      | Reached XP level 1. HP: 11/11 MP: 3/3
   207 | D:1      | Reached XP level 2. HP: 17/17 MP: 0/5
   738 | D:2      | Reached XP level 3. HP: 17/21 MP: 0/6
  1486 | D:3      | Reached XP level 4. HP: 27/27 MP: 3/7
  1925 | D:4      | Learned a level 2 spell: Searing Ray
  1929 | D:4      | Learned a level 3 spell: Dazzling Spray
  2066 | D:4      | Reached skill level 5 in Conjurations
  2079 | D:4      | Reached XP level 5. HP: 22/31 MP: 0/8
  2473 | D:4      | You fall through a shaft for 3 floors!
  2479 | D:7      | Found an opulent altar of Gozag.
  2483 | D:7      | Became a worshipper of Gozag Ym Sagoz the Greedy
  2539 | D:7      | Found a snail-covered altar of Cheibriados.
  2594 | D:6      | Noticed a centaur
  2644 | D:6      | Killed a centaur
  2644 | D:6      | Reached skill level 3 in Spellcasting
  2737 | D:5      | Entered Level 5 of the Dungeon
  2807 | D:4      | Reached XP level 6. HP: 33/36 MP: 5/10
  3064 | D:5      | Noticed Sigmund
  3215 | D:5      | Reached skill level 1 in Evocations
  3281 | D:5      | Learned a level 4 spell: Iskenderun's Mystic Blast
  3331 | D:5      | Noticed Edmund
  3332 | D:5      | Noticed Edmund
  3332 | D:5      | Edmund changed into Edmund the blink frog
  3343 | D:5      | Killed Edmund the blink frog
  3343 | D:5      | Reached skill level 5 in Stealth
  3343 | D:5      | Reached skill level 4 in Spellcasting
  3343 | D:5      | Reached XP level 7. HP: 41/41 MP: 4/13
  3570 | D:5      | Found a runed door.
  3574 | D:5      | Noticed Crazy Yiuf
  3576 | D:5      | Noticed Crazy Yiuf
  3576 | D:5      | Crazy Yiuf changed into Crazy Yiuf the hell rat
  3588 | D:5      | Killed Crazy Yiuf the hell rat
  3896 | D:5      | Noticed Sigmund
  3896 | D:5      | Sigmund changed into Sigmund the gnoll
  3899 | D:5      | Killed Sigmund the gnoll
  3907 | D:5      | Found a staircase to the Ecumenical Temple.
  4394 | D:6      | Found a stormy altar of Qazlal.
  4402 | D:6      | Reached XP level 8. HP: 46/46 MP: 0/15
  4506 | D:6      | Noticed a water elemental
  4512 | D:6      | Noticed an air elemental
  4596 | D:6      | Reached skill level 5 in Spellcasting
  4657 | D:6      | Found a blossoming altar of Fedhas.
  5247 | D:6      | Reached skill level 1 in Hexes
  6168 | D:7      | Reached skill level 6 in Spellcasting
  6681 | D:7      | Reached XP level 9. HP: 48/51 MP: 10/18
  7233 | D:7      | Learned a level 4 spell: Fulminant Prism
  8094 | D:8      | Reached skill level 7 in Spellcasting
  8370 | D:8      | Learned a level 5 spell: Iskenderun's Battlesphere
  8900 | D:9      | Noticed a troll
  8909 | D:9      | Killed a troll
  9148 | D:9      | Reached XP level 10. HP: 56/56 MP: 12/21
  9186 | D:9      | Found a white marble altar of Elyvilon.
  9186 | D:9      | Found a glowing silver altar of Zin.
  9191 | D:9      | Found a hazy altar of Hepliaklqana.
  9194 | D:9      | Found a shimmering altar of Xom.
  9196 | D:9      | Found a sparkling altar of Nemelex Xobeh.
  9494 | D:9      | Reached skill level 8 in Spellcasting
  9983 | D:9      | Found a staircase to the Lair.
 10376 | Lair:1   | Entered Level 1 of the Lair of Beasts
 10387 | Lair:1   | Reached skill level 1 in Charms
 10644 | D:10     | Entered Level 10 of the Dungeon
 10670 | D:10     | Noticed a five-headed hydra
 10677 | D:10     | Killed a five-headed hydra
 10695 | D:10     | Reached skill level 9 in Spellcasting
 10876 | D:10     | Reached skill level 10 in Conjurations
 10933 | D:10     | Noticed a cyclops
 11221 | D:10     | Reached XP level 11. HP: 48/61 MP: 7/24
 11345 | D:10     | Killed a cyclops
 11345 | D:10     | Reached skill level 10 in Stealth
 12527 | Lair:1   | Bought a lightning rod (4/4) for 520 gold pieces
 12527 | Lair:1   | Bought a lamp of fire for 520 gold pieces
 12546 | Lair:1   | Bought a wand of lightning (9/15) for 169 gold pieces
 12546 | Lair:1   | Bought a wand of iceblast (9/15) for 169 gold pieces
 13092 | D:10     | Killed an unseen horror
 13427 | D:10     | Found Sowiutic's Gadget Shop.
 13636 | D:11     | Reached skill level 5 in Evocations
 13791 | D:11     | Reached skill level 10 in Spellcasting
 13893 | D:11     | Noticed a two-headed hydra
 13899 | D:11     | Killed a two-headed hydra
 13899 | D:11     | Reached skill level 1 in Shields
 14346 | D:11     | Noticed a two-headed ogre
 14352 | D:11     | Killed a two-headed ogre
 14406 | D:11     | Noticed a manticore
 14415 | D:11     | Killed a manticore
 14784 | D:11     | Noticed a two-headed ogre
 14989 | D:11     | Noticed Hypnoxylon's ghost (journeyman MiBe)
 15262 | D:11     | Reached XP level 12. HP: 44/66 MP: 11/26
 15404 | D:11     | Killed a two-headed ogre
 15455 | D:11     | Identified the Tome of Icy Flight
 15510 | D:12     | Learned a level 4 spell: Throw Icicle
 15534 | D:12     | Learned a level 5 spell: Irradiate
 16006 | D:12     | Found an iron altar of Okawaru.
 16274 | D:12     | Reached skill level 11 in Spellcasting
 17232 | D:12     | Reached skill level 1 in Ice Magic
 17569 | D:12     | You fall through a shaft for 2 floors!
 17647 | D:14     | Noticed a six-headed hydra
 17647 | D:14     | Noticed a two-headed ogre
 17757 | D:13     | Noticed a two-headed ogre
 17793 | D:14     | Reached skill level 1 in Transmutations
 17840 | D:14     | Noticed Frances
 17844 | D:13     | Found a gate to the Vaults.
 17844 | D:13     | Noticed a centaur warrior
 17844 | D:13     | Noticed a two-headed ogre
 17877 | D:13     | Killed a centaur warrior
 18349 | D:12     | Found a staircase to the Orcish Mines.
 18396 | Orc:1    | Entered Level 1 of the Orcish Mines
 18396 | Orc:1    | Noticed an orc warlord
 18397 | Orc:1    | Noticed an azure jelly
 18397 | Orc:1    | an orc warlord changed into an azure jelly
 18402 | Orc:1    | Killed an azure jelly
 18402 | Orc:1    | Reached skill level 5 in Dodging
 18404 | Orc:1    | Noticed a sun demon
 18910 | D:12     | Reached skill level 12 in Spellcasting
 20035 | Lair:1   | Reached XP level 13. HP: 71/71 MP: 15/29
 21229 | Lair:2   | Reached skill level 5 in Transmutations
 21537 | Lair:2   | Found a staircase to the Shoals.
 21538 | Lair:2   | Found a hole to the Spider Nest.
 21896 | Lair:1   | Learned a level 6 spell: Hydra Form
 22171 | Lair:2   | Slain by a blink frog

Vault maps used:
D:1:      minmay_arrival_wavy_path, minmay_tetromino_s2
D:4:      kennysheep_big_flooded_room, first_bread
D:5:      minmay_misc_feat_plants, uniq_edmund, uniq_sigmund,
          uniq_crazy_yiuf_cottage
D:6:      kennysheep_little_box, nicolae_qazlal_style_of_elements,
          kennysheep_pointless_box
D:7:      basic_altar, nicolae_gozag_seed_capital
D:8:      kennysheep_ambush_hall
D:9:      chequers_temple_overflow_minitemple, david_lair_shrubbed
D:10:     serial_shops, kennysheep_mini_moat, serial_glass, glass_columns_a,
          glass_columns_a
D:11:     hangedman_ranch
D:12:     erik_orc_2, basic_altar, hangedman_decor_riveting
D:13:     david_vaults_3, lab_entry_generic
D:14:     portal_ice_cave_entry_ice_beasts, nrook_mini_backslash, uniq_frances
Lair:1:   serial_forest, infiniplex_forest_straight_1,
          infiniplex_forest_clump_large, infiniplex_forest_lined_corner,
          infiniplex_forest_lined_3, infiniplex_forest_straight_2,
          infiniplex_forest_straight_1
Lair:2:   shoals_dummy_entry, dummy_spider_entry, minmay_lair_oklob_bushes,
          grunt_megastairs_5
Orc:1:    rock_pile

Skill      XL: |  1  2  3  4  5  6  7  8  9 10 11 12 13 |
---------------+----------------------------------------+-----
Stealth        | 3 4 5 7 9 11 | 11.0
Conjurations   | 5 6 7 8 10 11 | 11.9
Spellcasting   | 3 4 6 7 9 10 12 | 12.4
Evocations     | 1 2 3 4 5 6 |  6.1
Dodging        | 3 4 5 |  5.3
Hexes          | 1 2 |  2.0
Charms         | 1 2 |  2.4
Shields        | 1 2 |  2.4
Ice Magic      | 2 |  2.5
Transmutations | 3 6 |  6.8

Action                   |  1- 3 |  4- 6 |  7- 9 | 10-12 | 13-15 || total
-------------------------+-------+-------+-------+-------+-------++-------
Melee: Dagger            |     3 |    13 |    11 |     7 |       ||    34
       Constrict         |     2 |     3 |     4 |     2 |     3 ||    14
       Tentacles         |       |     4 |     4 |       |     1 ||     9
       Staff             |       |       |    10 |       |     3 ||    13
       Quarterstaff      |       |       |     1 |     4 |       ||     5
       Unarmed           |       |       |       |       |    25 ||    25
 Cast: Magic Dart        |    60 |    63 |   316 |   405 |    26 ||   870
       Dazzling Spray    |       |     1 |    16 |    15 |       ||    32
       Searing Ray       |       |       |    20 |    66 |       ||    86
       Iskenderun's Batt |       |       |     3 |    35 |    10 ||    48
       Iskenderun's Myst |       |       |       |    13 |       ||    13
       Fulminant Prism   |       |       |       |     8 |       ||     8
       Throw Icicle      |       |       |       |    69 |    52 ||   121
       Irradiate         |       |       |       |     6 |       ||     6
       Hydra Form        |       |       |       |       |     2 ||     2
Invok: Call Merchant     |       |       |       |     1 |     1 ||     2
Evoke: Wand              |       |     8 |    20 |    19 |     1 ||    48
       Fan of gales      |       |       |     1 |     1 |       ||     2
       Lightning rod     |       |       |       |     4 |       ||     4
       Lamp of fire      |       |       |       |     2 |       ||     2
       Phial of floods   |       |       |       |       |     1 ||     1
  Use: Scroll            |       |     4 |     3 |    20 |       ||    27
       Potion            |       |       |       |    14 |       ||    14
  Eat: Chunk             |     2 |     4 |       |       |       ||     6
       Fruit             |       |     1 |     1 |    12 |       ||    14
       Beef jerky        |       |     1 |     2 |       |       ||     3
       Pizza             |       |       |     2 |     7 |       ||     9
       Royal jelly       |       |       |     1 |     1 |     1 ||     3
       Meat ration       |       |       |     2 |     4 |     2 ||     8
Armor: Skin              |       |       |     7 |    31 |     4 ||    42
Dodge: Dodged            |     6 |    11 |    79 |   139 |    23 ||   258
Block: Buckler           |       |     2 |       |    52 |     4 ||    58
